 Dungeon Sprint DCSS version 0.27-a0-732-ga892ba84f6 (webtiles) character file.

Game seed: 14127963547803566360

1536 mhtbhm the Impaler (level 8, 0/85 HPs)
             Began as a Minotaur Berserker on Mar 24, 2021.
             Was a High Priest of Trog.
             Slain by a rust devil (1 damage)
             ... while petrified by a basilisk
             ... in the Dungeon (Sprint VII: "The Pits").
             The game lasted 00:04:07 (951 turns).

mhtbhm the Impaler (Minotaur Berserker)              Turns: 951, Time: 00:04:08

Health: 0/85       AC: -16   Str: 25    XL:     8   Next: 56%
Magic:  2/2        EV:  2    Int:  4    God:    Trog [*****.]
Gold:   0          SH:  0    Dex:  9    Spells: 7/7 levels left

rFire    . . .     SeeInvis .   a - +2 glaive (antimagic)
rCold    . . .     Faith    .   (shield currently unavailable)
rNeg     + + +     Spirit   .   b - +4 chain mail
rPois    ∞         Reflect  .   (helmet restricted)
rElec    .         Harm     .   (no cloak)
rCorr    .         Rampage  .   o - +0 pair of gloves
Will     .....     NoTele   +   (no boots)
Stlth    ..........             (no amulet)
HPRegen  0.24/turn              l - +3 ring of evasion
MPRegen  0.08/turn              m - +3 ring of protection

@: petrified, corroded
A: horns 2, retaliatory headbutt
a: Renounce Religion, Berserk, Trog's Hand, Brothers in Arms


You were in the Dungeon.
You worshipped Trog.
Trog was extremely pleased with you.
You visited 1 branch

Inventory:

Hand Weapons
 a - a +2 antimagic glaive (weapon)
Armour
 b - a +4 chain mail (worn)
 o - a +0 pair of gloves (worn)
Jewellery
 l - a +3 ring of evasion (right hand)
 m - a +3 ring of protection (left hand)
Scrolls
 j - a scroll of summoning
Potions
 c - 8 potions of curing
 d - 5 potions of heal wounds
 e - 4 potions of haste
 f - 4 potions of magic
 g - 3 potions of berserk rage
 i - 2 potions of invisibility
 k - 5 potions of brilliance
 n - a potion of resistance


   Skills:
 + Level 12.8 Fighting
 + Level 15.1 Polearms
 + Level 8.1 Armour
 + Level 6.6 Dodging
 + Level 3.2 Stealth


You had 7 spell levels left.
You didn't know any spells.
Your spell library was empty.

Dungeon Overview and Level Annotations

Branches:
Dungeon (1/1)

Altars:
Cheibriados
Dithmenos
Elyvilon
Fedhas
Gozag
Hepliaklqana
Makhleb
Nemelex Xobeh
Okawaru
Qazlal
Ru
Sif Muna
Trog
Vehumet
Wu Jian
Xom
Yredelemnul
Zin
The Shining One
Beogh
Jiyva
Lugonu


Innate Abilities, Weirdness & Mutations

You have a pair of horns on your head.
You reflexively headbutt those who attack you in melee.


Message History

The rust devil hits you!
* * * LOW HITPOINT WARNING * * *
The rust devil corrodes you!
You turn to flesh and can move again.
Blink to where?
Press: ? - help, Dir - move target, p - rust devil
As you read the scroll of blinking, it crumbles to dust.
The basilisk gazes at you.
You are slowing down.
Your ogre goes berserk!
Your limbs are stiffening.
Your magic is already full.
You feel much better.
Your ogre barely misses the basilisk.
You have turned to stone.
The basilisk barely misses your ogre.
Your ogre closely misses the basilisk.
The rust devil closely misses your ogre.
Your ogre completely misses the basilisk.
The basilisk bites your ogre!!
Your ogre closely misses the basilisk.
The basilisk bites your ogre!
Your ogre closely misses the basilisk.
Your ogre hits the basilisk with a +0 giant spiked club!!
The basilisk bites your ogre!
Your ogre dies!
Your ogre's corpse disappears in a puff of smoke!
The rust devil hits you. The rust devil corrodes you! The rust devil hits you.
The rust devil corrodes you! The rust devil hits you!
* * * LOW HITPOINT WARNING * * *
The rust devil corrodes you! The basilisk bites you!
* * * LOW HITPOINT WARNING * * *
The rust devil hits you.
* * * LOW HITPOINT WARNING * * *
The rust devil corrodes you! The basilisk bites you!!
* * * LOW HITPOINT WARNING * * *
The rust devil hits you. The rust devil corrodes you! The basilisk bites you!
* * * LOW HITPOINT WARNING * * *
The rust devil hits you.
You die...

### _.# _.#
..###########++##########
#'##................##..#
'.##......#..#......##..#
#.##.............l..''..#
...'............@4..''..#
####......#..#......##.........
'.##................##.........
#.#####'#####++################
#.##.......# #.##.......#
'.##.......# ####...<...#
).##.......#


You could see a rust devil and a basilisk.

Vanquished Creatures
  A cyclops (D)
  A gargoyle (D)
  A tyrant leech (D)
  Sigmund (D)
  A warg (D)
  An orc warrior (D)
  A necrophage (D)
  A centaur (D)
  2 orc priests (D)
  2 orc wizards (D)
  A worker ant (D)
  A mummy (D)
  2 adders (D)
  A worm (D)
  5 orcs (D)
  A bat skeleton (D)
  2 giant cockroaches (D)
  A hobgoblin (D)
  A bat (D)
  2 frilled lizards (D)
29 creatures vanquished.

Notes
Turn   | Place    | Note
-------+----------+-------------------------------------------
     0 | D        | mhtbhm the Minotaur Berserker began the quest for the Orb.
     0 | D        | Reached XP level 1. HP: 19/19 MP: 0/0
    22 | D        | Found a bloodstained altar of Trog.
    22 | D        | Found a shimmering blue altar of Sif Muna.
    22 | D        | Found a viscous altar of Jiyva.
    22 | D        | Found a hazy altar of Hepliaklqana.
    22 | D        | Found an opulent altar of Gozag.
    23 | D        | Found a glowing golden altar of the Shining One.
    23 | D        | Found a glowing silver altar of Zin.
    23 | D        | Found a basalt altar of Yredelemnul.
    23 | D        | Found a shimmering altar of Xom.
    23 | D        | Found an ornate altar of the Wu Jian Council.
    23 | D        | Found a sacrificial altar of Ru.
    23 | D        | Found a stormy altar of Qazlal.
    23 | D        | Found an iron altar of Okawaru.
    23 | D        | Found a sparkling altar of Nemelex Xobeh.
    23 | D        | Found a burning altar of Makhleb.
    23 | D        | Found a blossoming altar of Fedhas.
    23 | D        | Found a white marble altar of Elyvilon.
    23 | D        | Found a shadowy altar of Dithmenos.
    23 | D        | Found a snail-covered altar of Cheibriados.
    26 | D        | Found a corrupted altar of Lugonu.
    26 | D        | Found a radiant altar of Vehumet.
    61 | D        | Noticed a worker ant
    68 | D        | Reached skill level 4 in Polearms
    68 | D        | Reached XP level 2. HP: 28/28 MP: 1/1
    69 | D        | Reached ** piety under Trog
    70 | D        | Reached skill level 5 in Fighting
    70 | D        | Reached skill level 6 in Polearms
    70 | D        | Reached XP level 3. HP: 37/37 MP: 2/2
   169 | D        | Reached *** piety under Trog
   241 | D        | Noticed a necrophage
   241 | D        | Noticed a centaur
   247 | D        | Reached **** piety under Trog
   248 | D        | Reached skill level 7 in Polearms
   248 | D        | Reached XP level 4. HP: 47/47 MP: 3/3
   255 | D        | Killed a necrophage
   256 | D        | Reached skill level 8 in Polearms
   256 | D        | Reached skill level 1 in Stealth
   256 | D        | Reached XP level 5. HP: 56/56 MP: 4/4
   257 | D        | Reached skill level 9 in Polearms
   259 | D        | Reached ***** piety under Trog
   263 | D        | Killed a centaur
   264 | D        | Reached skill level 10 in Polearms
   264 | D        | Reached skill level 5 in Armour
   264 | D        | Reached skill level 5 in Dodging
   264 | D        | Reached XP level 6. HP: 66/66 MP: 5/5
   269 | D        | Reached skill level 10 in Fighting
   280 | D        | Received a gift from Trog
   445 | D        | Noticed a warg
   448 | D        | Killed a warg
   449 | D        | Reached skill level 11 in Polearms
   451 | D        | Noticed a cyclops
   455 | D        | Killed a cyclops
   456 | D        | Reached skill level 13 in Polearms
   456 | D        | Reached XP level 7. HP: 74/75 MP: 2/6
   558 | D        | Noticed Sigmund
   577 | D        | Killed Sigmund
   577 | D        | Received a gift from Trog
   578 | D        | Reached skill level 14 in Polearms
   578 | D        | Reached XP level 8. HP: 36/83 MP: 2/7
   775 | D        | Noticed a tyrant leech
   775 | D        | Noticed a gargoyle
   781 | D        | Killed a gargoyle
   789 | D        | Killed a tyrant leech
   790 | D        | Reached skill level 15 in Polearms
   919 | D        | Noticed a rust devil
   951 | D        | HP: 1/85 [basilisk (7)]
   951 | D        | Slain by a rust devil

Illustrated notes

Levels and vault maps discovered:
D:        pitsprint [storerooms_1, entrance_room_1, metal_vault_5, armoury_2,
          mini_pit_1, grid_room_1, main_hall_1, silver_pit, the_coven_3,
          the_vestibule_1, steel_vault_3, golden_pit, hallway_of_sentries,
          crystal_vault_4, iron_vault_4, final_vault]

Skill      XL: |  1  2  3  4  5  6  7  8 |
---------------+-------------------------+-----
Fighting       | 4 5 7 8 9 11 12 | 12.8
Polearms       | 4 6 7 8 10 13 14 15 | 15.1
Armour         | 3 4 5 6 7 8 |  8.1
Dodging        | 3 4 5 6 |  6.6
Stealth        | 1 2 3 |  3.2

Action                   |  1- 3 |  4- 6 |  7- 9 || total
-------------------------+-------+-------+-------++-------
Melee: Trident           |    19 |    29 |       ||    48
       Headbutt          |     4 |     2 |     8 ||    14
       Spear             |     1 |       |       ||     1
       Glaive            |       |     6 |    33 ||    39
Invok: Berserk           |     3 |     1 |     2 ||     6
       Brothers in Arms  |       |       |     1 ||     1
  Use: Scroll            |       |       |     1 ||     1
       Potion            |       |       |     1 ||     1
 Stab: Sleeping          |     1 |       |       ||     1
Armor: Animal skin       |     1 |       |       ||     1
       Chain mail        |       |     9 |     7 ||    16
Dodge: Dodged            |     9 |     7 |     9 ||    25

Table legend: (Time is in decaauts)
 A = Elapsed time spent in this place.
 B = Non-inter-level travel time spent in this place.
 C = Inter-level travel time spent in this place.
 D = Time resting spent in this place.
 E = Time spent auto-exploring this place.
 F = Levels seen in this place.
 G = Mean time per level.
                   A        B        C        D        E       F      G
               +--------+--------+--------+--------+--------+-----+--------+
         Total |    999 |    999 |      0 |    540 |     34 |   1 |  999.0 |
       Dungeon |    999 |    999 |      0 |    540 |     34 |   1 |  999.0 |
               +--------+--------+--------+--------+--------+-----+--------+

Top non-repeatable levels by time:
       D: 999 daAuts
